 Dungeon Crawl Stone Soup version 0.15-a0-734-g2b8d6ef (webtiles) character file.

3518 Ales the Cleaver (level 9, -1/82 HPs)
             Began as a Minotaur Berserker on May 11, 2014.
             Was a High Priest of Trog.
             Killed by divine providence
             ... invoked by an orc priest
              (14 damage)
             ... on Level 8 of the Dungeon.
             The game lasted 01:18:21 (7007 turns).

Ales the Cleaver (Minotaur Berserker)               Turns: 7007, Time: 01:18:21

HP  -1/82        AC 18     Str 23      XL: 9   Next: 81%
MP   4/4         EV  7     Int  4      God: Trog [*****.]
Gold 228         SH  0     Dex 12      Spells:  0 memorised,  8 levels left

rFire  . . .     SeeInvis +     m - +1 war axe
rCold  . . .     Clarity  .     l - +2 plate armour
rNeg   . . .     Conserve .     (no shield)
rPois  .         rCorr    .     (helmet restricted)
rElec  .         rRot     .     (no cloak)
SustAb . .       Spirit   .     (no gloves)
rMut   .         Warding  .     (no boots)
Gourm  .         Stasis   .     (no amulet)
MR     ++...                    W - +2 ring of protection
                                U - ring of see invisible

@: regenerating, very resistant to hostile enchantments, extremely unstealthy
A: retaliatory headbutt, horns 2
a: Burn Spellbooks, Berserk, Trog's Hand, Brothers in Arms, Renounce Religion


You were on level 8 of the Dungeon.
You worshipped Trog.
Trog was extremely pleased with you.
You were not hungry.

You visited 2 branches of the dungeon, and saw 9 of its levels.

You collected 298 gold pieces.
You spent 70 gold pieces at shops.

Inventory:

Hand weapons
 a - a +0,+1 hand axe
 e - a +0 blowgun
 f - a +2,+1 flail of protection
 i - a +2,+1 mace of protection
 k - a +1,+1 vampiric dagger
 m - a +1,+1 war axe (weapon)
 s - a +0,+0 giant spiked club
 B - a +0,+0 whip
 D - a +2,+5 anti-magic cutlass
 G - a +0,+0 spear
 H - a +0,+0 halberd
 J - a +0,+0 club
 L - a +0,+0 sling
 Q - a +1,+2 falchion of slicing
 R - a +2,+1 dagger of protection
 S - the +5,+8 war axe "Foosigezxy" {chop, Noisy rF+ MR+, unknown}
   (You found it on level 7 of the Dungeon)

   It inflicts extra damage upon your enemies.
   It protects you from fire.
   It affects your resistance to hostile enchantments.
   It may make noises in combat.
Missiles
 g - 18 darts of flame (quivered)
 j - 7 poisoned needles
 n - 7 darts
 t - 36 bolts
 y - 17 arrows
 C - 7 sling bullets of flame
 E - 5 tomahawks
 N - 12 arrows of dispersal
Armour
 d - a +0 ring mail of cold resistance
 l - a +2 plate armour (worn)
 K - a +0 leather armour
Magical devices
 q - a wand of flame (4)
 u - a wand of fireball (2) {unknown}
 I - a wand of cold (11) {unknown}
 P - a wand of fire (0)
Comestibles
 c - 3 bread rations
 h - a cheese
 o - 5 rotting chunks of wyvern flesh
 r - 2 meat rations
 A - a choko
 O - an orange
Scrolls
 b - 2 scrolls of noise
 w - a scroll of fog
Jewellery
 U - a ring of see invisible (left hand)
 W - a +2 ring of protection (right hand)
Potions
 p - 3 potions of invisibility
 v - a potion of porridge
 x - 6 potions of curing
 z - 2 potions of brilliance
 F - 3 potions of lignification {unknown}


   Skills:
 + Level 8.4 Fighting
 + Level 11.3 Axes
 + Level 9.1 Armour
 + Level 4.7 Dodging
 + Level 1.8 Stealth


You had 8 spell levels left.
You didn't know any spells.

Dungeon Overview and Level Annotations

Branches:
Dungeon (8/15)             Temple (1/1) D:5
   Lair: D:8-11

Altars:
Ashenzari
Cheibriados
Dithmenos
Elyvilon
Gozag
Kikubaaqudgha
Makhleb
Nemelex Xobeh
Okawaru
Sif Muna
Trog
Vehumet
Xom
Zin
The Shining One

Shops:
D:4 :!   D:6 [


Innate Abilities, Weirdness & Mutations

You reflexively headbutt those who attack you in melee.
You have a pair of horns on your head.


Message History

Trog accepts your kill.
You hit the green rat but do no damage.
The green rat bites you but does no damage.
The orc priest utters an invocation to Beogh.
You feel a wave of unholy energy pass over you.
The green rat bites you but does no damage.
Use which ability? (? or * to list)
Your skin crawls.
You feel resistant to hostile enchantments.
You feel slightly more hungry.
The orc priest invokes the aid of Beogh against you.
Something smites you!
* * * LOW HITPOINT WARNING * * *
The green rat completely misses you.
The orc priest becomes somewhat translucent.
The orc warrior hits you with a dire flail!
* * * LOW HITPOINT WARNING * * *
The orc priest invokes the aid of Beogh against you.
Something smites you!
You die...

#...................#
#...................#
#...................#
##..................#
#...................#
#...................#
#...................#
####.................
####*#@................
#...##.................
#....or...............#
#...o..t............_..
###.#.o................
####............⌠....
#..o..............
#######.......<.._.....#
#...)..................#


You could see an orc warrior, a crocodile, an orc priest, a green rat and 2
orcs.

Vanquished Creatures
  Grinder (D:5)
  The ghost of TAS2012 the Skirmisher, an average DsCK of Xom (D:4)
  A wyvern (D:8)
  A hill giant skeleton (D:8)
  2 hippogriffs (D:7)
  The ghost of catsarecewl the Ruffian, an experienced NaTm of Cheibriados (D:5)
  Edmund (D:6)
  A black bear (D:5)
  An ice beast (D:7)
  3 centaurs
  2 giant frogs
  5 ogres
  A big kobold (D:7)
  A gnoll sergeant (D:7)
  3 killer bees (D:7)
  3 wights (D:6)
  2 crimson imps (D:6)
  5 orc wizards
  3 orc priests
  2 hounds
  6 worker ants
  Ijyb (D:6)
  7 gnolls
  10 adders
  3 giant mites
  5 worms
  An adder skeleton (D:7)
  An iguana skeleton (D:7)
  An orc skeleton (D:4)
  8 giant geckos
  An ooze (D:6)
  23 orcs
  12 bats
  A bat skeleton (D:5)
  2 bat zombies
  6 giant cockroaches
  15 hobgoblins
  2 ball pythons
  6 giant newts
  18 goblins
  4 jackals (D:6)
  16 kobolds
  2 kobold skeletons (D:4)
  2 orc zombies
  A quokka skeleton (D:4)
  16 rats
  3 ballistomycetes (D:7)
213 creatures vanquished.

Vanquished Creatures (collateral kills)
  An orc warrior (D:6)
1 creature vanquished.

Vanquished Creatures (others)
  A giant spore (D:7)
1 creature vanquished.

Grand Total: 215 creatures vanquished

Notes
Turn   | Place    | Note
--------------------------------------------------------------
     0 | D:1      | Ales, the Minotaur Berserker, began the quest for the Orb.
     0 | D:1      | Reached XP level 1. HP: 19/19 MP: 1/1
   157 | D:1      | Reached skill level 4 in Axes
   314 | D:1      | Reached XP level 2. HP: 27/27 MP: 1/1
   562 | D:1      | Acquired Trog's second power
   762 | D:1      | Reached XP level 3. HP: 34/34 MP: 2/2
  1270 | D:2      | Reached XP level 4. HP: 31/41 MP: 2/2
  1400 | D:2      | Reached skill level 5 in Axes
  1590 | D:2      | Found a shimmering altar of Xom.
  1607 | D:2      | Found a deep blue altar of Sif Muna.
  1656 | D:3      | Reached XP level 5. HP: 41/47 MP: 2/2
  1913 | D:3      | Found an iron altar of Okawaru.
  1999 | D:3      | Reached skill level 5 in Fighting
  2224 | D:3      | Acquired Trog's third power
  2440 | D:3      | Noticed a giant frog
  2450 | D:3      | Killed a giant frog
  2450 | D:3      | Reached XP level 6. HP: 53/56 MP: 3/3
  2552 | D:4      | Reached skill level 6 in Axes
  2724 | D:4      | Found Rimiulio's Book Boutique.
  2740 | D:4      | Noticed TAS2012's ghost (average DsCK)
  2747 | D:4      | Paralysed by TAS2012's ghost for 2 turns
  2761 | D:4      | Killed TAS2012's ghost
  2761 | D:4      | Reached skill level 7 in Axes
  2761 | D:4      | Reached XP level 7. HP: 34/61 MP: 3/3
  2784 | D:4      | Found Schorch's Distillery.
  2793 | D:4      | Bought a potion of curing for 20 gold pieces
  2793 | D:4      | Bought a potion of curing for 20 gold pieces
  2793 | D:4      | Bought a potion of heal wounds for 30 gold pieces
  2807 | D:4      | Reached skill level 5 in Armour
  2807 | D:4      | Reached skill level 1 in Stealth
  3248 | D:5      | Entered Level 5 of the Dungeon
  3248 | D:5      | Noticed catsarecewl's ghost (experienced NaTm)
  3268 | D:5      | Killed catsarecewl's ghost
  3320 | D:5      | Noticed Grinder
  3354 | D:5      | Killed Grinder
  3354 | D:5      | Reached skill level 8 in Axes
  3354 | D:5      | Reached XP level 8. HP: 41/70 MP: 3/3
  3545 | D:5      | Found a staircase to the Ecumenical Temple.
  3823 | Temple   | Entered the Ecumenical Temple
  3960 | D:5      | Reached skill level 9 in Axes
  4250 | D:6      | Noticed Ijyb
  4267 | D:6      | Killed Ijyb
  4427 | D:6      | Noticed Edmund
  4430 | D:6      | Found Mnupsiucs' Antique Armour Shop.
  4458 | D:6      | Killed Edmund
  4821 | D:6      | Found a radiant altar of Vehumet.
  4909 | D:6      | Reached skill level 10 in Axes
  4982 | D:6      | Reached XP level 9. HP: 20/79 MP: 4/4
  5541 | D:7      | Received a gift from Trog
  6340 | D:7      | Got a slimy war axe
  6527 | D:8      | Reached skill level 11 in Axes
  6908 | D:8      | Found a glowing golden altar of the Shining One.
  6913 | D:8      | Found a sparkling altar of Nemelex Xobeh.
  7007 | D:8      | Killed from afar by an orc priest

Action                   |  1- 3 |  4- 6 |  7- 9 || total
-------------------------+-------+-------+-------++-------
Melee: Hand axe          |    87 |    75 |       ||   162
       War axe           |       |    90 |   404 ||   494
Invok: Trog's Hand       |       |       |     5 ||     5
       Brothers in Arms  |       |       |     1 ||     1
  Use: Scroll            |     4 |     7 |    15 ||    26
       Potion            |       |       |     3 ||     3
